 Dungeon Crawl Stone Soup version 0.23.2 (webtiles) character file.

Game seed: 6403805455991877153

505 Faca the Skirmisher (level 7, 0/59 HPs)
             Began as a Gnoll Abyssal Knight on Apr 9, 2019.
             Was a Believer of Lugonu.
             Slain by Edmund
             ... wielding a +4 dire flail of crushing
              (1 damage)
             ... on level 5 of the Dungeon.
             The game lasted 00:09:36 (3949 turns).

Faca the Skirmisher (Gnoll Abyssal Knight)          Turns: 3949, Time: 00:09:37

Health: 0/59       AC:  7    Str: 15    XL:     7   Next: 18%
Magic:  10/10      EV: 11    Int: 15    God:    Lugonu [**....]
Gold:   233        SH:  0    Dex: 15    Spells: 10/10 levels left

rFire    . . .     SeeInvis .   b - +0 long sword
rCold    + . .     Gourm    .   (no shield)
rNeg     . . .     Faith    .   f - +0 scale mail
rPois    .         Spirit   .   (no helmet)
rElec    .         Reflect  .   (no cloak)
rCorr    .         Harm     .   (no gloves)
MR       .....                  (no boots)
Stlth    ++........             (no amulet)
HPRegen  0.19/turn              g - ring of stealth
MPRegen  0.12/turn              r - ring of protection from cold

@: no status effects
A: distributed training, fangs 1, strong nose
a: Depart the Abyss, Bend Space, Renounce Religion


You were on level 5 of the Dungeon.
You worshipped Lugonu.
Lugonu was pleased with you.
You were hungry.

You visited 1 branch of the dungeon, and saw 5 of its levels.
You visited the Abyss 1 time.

You collected 233 gold pieces.

Inventory:

Hand Weapons
 b - a +0 long sword (weapon)
 o - a +0 rapier
Armour
 f - a +0 scale mail (worn)
Jewellery
 g - a ring of stealth (left hand)
 r - a ring of protection from cold (right hand)
Scrolls
 d - 2 scrolls of enchant weapon
 e - a scroll of magic mapping
 i - a scroll of noise {unknown}
 j - 3 scrolls of remove curse
 k - a scroll of enchant armour
Potions
 a - a potion of brilliance {unknown}
 l - a potion of magic
 m - a potion of flight {unknown}
 n - a potion of curing
Comestibles
 c - 14 rations


   Skills:
 + Level 6.9 Fighting
 + Level 2.2 Short Blades
 + Level 5.1 Long Blades
 + Level 2.2 Axes
 + Level 2.2 Maces & Flails
 + Level 2.2 Polearms
 + Level 2.2 Staves
 + Level 2.2 Slings
 + Level 2.2 Bows
 + Level 2.2 Crossbows
 + Level 2.2 Throwing
 + Level 5.1 Armour
 + Level 3.4 Dodging
 + Level 2.2 Stealth
 + Level 2.2 Shields
 + Level 2.2 Unarmed Combat
 + Level 2.2 Spellcasting
 + Level 1.8 Conjurations
 + Level 1.8 Hexes
 + Level 1.8 Charms
 + Level 1.8 Summonings
 + Level 1.8 Necromancy
 + Level 1.8 Translocations
 + Level 1.8 Transmutations
 + Level 1.8 Fire Magic
 + Level 1.8 Ice Magic
 + Level 1.8 Air Magic
 + Level 1.8 Earth Magic
 + Level 1.8 Poison Magic
 + Level 5.2 Invocations
 + Level 2.2 Evocations


You had 10 spell levels left.
You didn't know any spells.
Your spell library was empty.

Dungeon Overview and Level Annotations

Branches:
Dungeon (5/15)
 Temple: D:4-7

Altars:
Cheibriados
Gozag
Makhleb
Qazlal

Shops:
D:5 :

Annotations:
D:5 Edmund


Innate Abilities, Weirdness & Mutations

Your experience applies equally to all skills.
You have very sharp teeth.
Your uncanny sense of smell can sniff out nearby items.


Message History

Edmund is heavily wounded.
Edmund closely misses you.
You barely miss Edmund.
Edmund is heavily wounded.
Edmund hits you with a +4 dire flail of crushing!
* * * LOW HITPOINT WARNING * * *
x2 Edmund misses you.
You hit Edmund but do no damage.
Edmund is heavily wounded.
Edmund closely misses you.
You riposte.
You closely miss Edmund.
Edmund is heavily wounded.
You slash Edmund!
Edmund is severely wounded.
Edmund says, "I'm quite good with sums, too."
Edmund closely misses you.
You hit Edmund but do no damage.
Edmund is severely wounded.
Edmund hits you with a +4 dire flail of crushing.
* * * LOW HITPOINT WARNING * * *
You die...

∆ #...#. #........ #...@.
#......## ####..... #......#
#........ #......# #.##.#
#.##......# #.##.#
........#.#
#.##.######.##...#.# #
#...@............#.#
##.#########@####....##..#.#
................+........#..
..#.....#.#.####........#.#
#.....###.# ####....####
+.....+...#### #....#
#....8..∩..8.#####...#
........+...........#..#
#.#......###.#######...># #
#.###### ### #....#


You could see Edmund.

Vanquished Creatures
  3 ogres
  A crimson imp (D:5)
  Terence (D:2)
  An iguana (D:4)
  A hound skeleton (D:5)
  4 gnolls (D:4)
  4 adders
  An ooze (D:5)
  An adder zombie (D:5)
  A leopard gecko (D:2)
  4 orcs (D:4)
  4 giant cockroaches
  4 goblins
  10 hobgoblins
  5 jackals (D:5)
  4 quokkas
  6 bats
  7 frilled lizards
  4 kobolds
  A quokka skeleton (D:4)
  4 rats
71 creatures vanquished.

Notes
Turn   | Place    | Note
-------+----------+-------------------------------------------
     0 | Abyss:1  | Faca the Gnoll Abyssal Knight began the quest for the Orb.
     0 | Abyss:1  | Reached XP level 1. HP: 23/23 MP: 3/3
    30 | Abyss:1  | Noticed a tentacled starspawn
    31 | D:1      | Escaped the Abyss
   213 | D:1      | Reached XP level 2. HP: 27/29 MP: 5/5
   300 | D:1      | Reached * piety under Lugonu
   766 | D:2      | Reached XP level 3. HP: 27/35 MP: 6/6
  1181 | D:2      | Reached skill level 1 in Short Blades
  1181 | D:2      | Reached skill level 1 in Axes
  1181 | D:2      | Reached skill level 1 in Maces & Flails
  1181 | D:2      | Reached skill level 1 in Polearms
  1181 | D:2      | Reached skill level 1 in Staves
  1181 | D:2      | Reached skill level 1 in Slings
  1181 | D:2      | Reached skill level 1 in Bows
  1181 | D:2      | Reached skill level 1 in Crossbows
  1181 | D:2      | Reached skill level 1 in Throwing
  1181 | D:2      | Reached skill level 1 in Stealth
  1181 | D:2      | Reached skill level 1 in Shields
  1181 | D:2      | Reached skill level 1 in Unarmed Combat
  1181 | D:2      | Reached skill level 1 in Spellcasting
  1181 | D:2      | Reached skill level 1 in Evocations
  1225 | D:2      | Noticed Terence
  1244 | D:2      | Killed Terence
  1244 | D:2      | Reached XP level 4. HP: 24/41 MP: 7/7
  1517 | D:3      | Found a stormy altar of Qazlal.
  1620 | D:3      | Reached ** piety under Lugonu
  1645 | D:3      | Reached skill level 1 in Conjurations
  1645 | D:3      | Reached skill level 1 in Hexes
  1645 | D:3      | Reached skill level 1 in Charms
  1645 | D:3      | Reached skill level 1 in Summonings
  1645 | D:3      | Reached skill level 1 in Necromancy
  1645 | D:3      | Reached skill level 1 in Translocations
  1645 | D:3      | Reached skill level 1 in Transmutations
  1645 | D:3      | Reached skill level 1 in Fire Magic
  1645 | D:3      | Reached skill level 1 in Ice Magic
  1645 | D:3      | Reached skill level 1 in Air Magic
  1645 | D:3      | Reached skill level 1 in Earth Magic
  1645 | D:3      | Reached skill level 1 in Poison Magic
  1650 | D:3      | Found a burning altar of Makhleb.
  1650 | D:3      | Found an opulent altar of Gozag.
  2202 | D:4      | Reached XP level 5. HP: 37/47 MP: 8/8
  2812 | D:4      | Noticed an ogre
  2818 | D:4      | Killed an ogre
  2818 | D:4      | Reached skill level 5 in Invocations
  2818 | D:4      | Reached XP level 6. HP: 53/53 MP: 9/9
  2830 | D:4      | Reached skill level 5 in Long Blades
  2830 | D:4      | Reached skill level 5 in Armour
  3050 | D:4      | Found a snail-covered altar of Cheibriados.
  3218 | D:5      | Entered Level 5 of the Dungeon
  3604 | D:5      | Reached XP level 7. HP: 11/59 MP: 10/10
  3898 | D:5      | Found Nukause's Book Shop.
  3924 | D:5      | Noticed Edmund
  3949 | D:5      | HP: 1/59 [Edmund/+4 dire flail of crushing (3)]
  3949 | D:5      | Slain by Edmund

Skill      XL: |  1  2  3  4  5  6 |
---------------+-------------------+-----
Short Blades   | 1 2 |  2.2
Axes           | 1 2 |  2.2
Maces & Flails | 1 2 |  2.2
Polearms       | 1 2 |  2.2
Staves         | 1 2 |  2.2
Slings         | 1 2 |  2.2
Bows           | 1 2 |  2.2
Crossbows      | 1 2 |  2.2
Throwing       | 1 2 |  2.2
Stealth        | 1 2 |  2.2
Shields        | 1 2 |  2.2
Unarmed Combat | 1 2 |  2.2
Spellcasting   | 1 2 |  2.2
Evocations     | 1 2 |  2.2
Conjurations   | 1 |  1.8
Hexes          | 1 |  1.8
Charms         | 1 |  1.8
Summonings     | 1 |  1.8
Necromancy     | 1 |  1.8
Translocations | 1 |  1.8
Transmutations | 1 |  1.8
Fire Magic     | 1 |  1.8
Ice Magic      | 1 |  1.8
Air Magic      | 1 |  1.8
Earth Magic    | 1 |  1.8
Poison Magic   | 1 |  1.8
Dodging        | 3 |  3.4
Invocations    | 5 |  5.2
Long Blades    | 5 |  5.1
Armour         | 5 |  5.1
Fighting       | |  6.9

Action                   |  1- 3 |  4- 6 |  7- 9 || total
-------------------------+-------+-------+-------++-------
Melee: Falchion          |   101 |    28 |       ||   129
       Bite              |    10 |    18 |     1 ||    29
       Long sword        |       |   102 |    15 ||   117
       Punch             |       |     1 |       ||     1
Invok: Depart the Abyss  |     1 |       |       ||     1
Evoke: Wand              |       |     6 |       ||     6
  Use: Scroll            |       |    11 |       ||    11
       Potion            |       |     1 |     1 ||     2
  Eat: Chunk             |     1 |     8 |       ||     9
Armor: Leather armour    |     3 |       |       ||     3
       Scale mail        |    42 |    72 |     2 ||   116
Dodge: Dodged            |    49 |    64 |     4 ||   117
       Rpst.: Falchion   |    14 |     5 |       ||    19
       Long sword        |       |    18 |     1 ||    19
